 Dungeon Crawl Stone Soup version 0.30-a0-743-gbfdf073431 (webtiles) character file.

Game seed: 17659052410062545612

512 Leeroy the Slasher (level 7, -2/34 HPs)
             Began as a Vine Stalker Warper on Feb 6, 2023.
             Slain by a black bear (3 damage)
             ... on level 4 of the Dungeon.
             The game lasted 00:03:21 (2928 turns).

Leeroy the Slasher (Vine Stalker Warper)            Turns: 2928, Time: 00:03:22

Health: -2/34      AC: 10    Str: 13    XL:     7   Next: 19%
Magic:  0/11       EV:  3    Int: 17    God:
Gold:   162        SH:  0    Dex: 14    Spells: 10/10 levels left

rFire   . . .      SeeInvis .    r - +1 short sword of the Blushing Gods {heavy, rC+++ Int+4 Dex-2}
rCold   + + +      Faith    .    (no shield)
rNeg    . . .      Spirit   +    h - +0 plate armour
rPois   .          Reflect  .    (no helmet)
rElec   .          Harm     .    (no cloak)
rCorr   .          Rampage  .    (no gloves)
Will    .....                    (no boots) Stlth
                                 (no amulet)
HPRegen 1.05/turn                v - ring of protection from cold
MPRegen 0.12/turn                (no ring)

@: no status effects
A: fangs 2, regeneration 1, magic shield, antimagic bite, no potion heal 2
a: no special abilities


You were on level 4 of the Dungeon.
You visited 1 branch of the dungeon, and saw 4 of its levels.

You collected 162 gold pieces.

Inventory:

Hand Weapons
 a - a +0 falchion
 g - a +0 rapier
 o - a +2 whip of flaming
 r - the +1 short sword of the Blushing Gods (weapon) {heavy, rC+++ Int+4 Dex-2}
   (You found it on level 3 of the Dungeon)

   Int:       It affects your intelligence (+4).
   Dex:       It affects your dexterity (-2).
   rC:        It renders you almost immune to cold.
Missiles
 d - 7 boomerangs of dispersal (quivered)
 p - a throwing net
Armour
 b - a +0 leather armour
 h - a +0 plate armour (worn)
Jewellery
 v - a ring of protection from cold (left hand)
Wands
 k - a wand of polymorph (10)
 s - a wand of quicksilver (6)
Scrolls
 c - 2 scrolls of blinking
 l - 2 scrolls of identify {unknown}
 m - a scroll of torment {unknown}
 n - a scroll of acquirement {unknown}
 q - 3 scrolls of teleportation {unknown}
 t - a scroll of fear {unknown}
 x - a scroll of summoning {unknown}
Potions
 e - 3 potions of mutation {unknown}
 f - a potion of resistance {unknown}
 i - 3 potions of curing {unknown}
 j - a potion of degeneration {unknown}
 u - 4 potions of flight {unknown}
 w - a potion of haste {unknown}


   Skills:
 - Level 1.7 Fighting
 + Level 7.0 Long Blades
 - Level 0.8 Throwing
 - Level 0.7 Armour
 - Level 1.5 Dodging
 - Level 2.1 Spellcasting
 - Level 3.0 Translocations


You had 10 spell levels left.
You didn't know any spells.
Your spell library contained the following spells:

 Spells                   Type           Power      Damage    Failure   Level
 Blink                    Tloc           24%        N/A       100%        2
 Lesser Beckoning         Tloc           24%        N/A       100%        2
 Teleport Other           Tloc           12%        N/A       100%        3
 Vhi's Electric Charge    Tloc/Air       12%        N/A       100%        3
 Manifold Assault         Tloc           12%        N/A       100%        4


Dungeon Overview and Level Annotations

Branches:
Dungeon (4/15)
 Temple: D:4-7

Altars:
Nemelex Xobeh

Shops:
D:2 !


Innate Abilities, Weirdness & Mutations

You have extremely sharp teeth.
Your natural rate of healing is unusually fast.
When hurt, damage is shared between your health and your magic reserves.
Your bite disrupts and absorbs the magic of your enemies.
Potions cannot restore your health.


Message History

The black bear is severely wounded.
The black bear bites you. The black bear claws you. x2
The black bear bites you. The black bear claws you.
The black bear claws you but does no damage.
You hit the black bear. Your bite misses the black bear.
The black bear is almost dead.
The black bear bites you but does no damage.
The black bear claws you but does no damage.
The black bear claws you. The black bear bites you!
The black bear claws you but does no damage.
The black bear claws you.
You are too injured to fight recklessly!
You are too injured to fight recklessly!
You are too injured to fight recklessly!
You are too injured to fight recklessly!
You barely miss the black bear. You bite the black bear. You drain its power.
You feel invigorated.
The black bear is almost dead.
The black bear bites you but does no damage.
The black bear claws you but does no damage.
The black bear claws you.
* * * LOW HITPOINT WARNING * * *
You barely miss the black bear.
The black bear is almost dead.
The black bear bites you.
* * * LOW HITPOINT WARNING * * *
The black bear claws you but does no damage. x2
The black bear bites you.
* * * LOW HITPOINT WARNING * * *
The black bear claws you but does no damage. x2
You hit the black bear but do no damage.
Your bite misses the black bear.
The black bear is almost dead.
The black bear bites you but does no damage.
The black bear claws you.
The black bear claws you but does no damage.
The black bear bites you!
* * * LOW HITPOINT WARNING * * *
The black bear claws you.
You die...

.............#................###
....####.....#................# #
###..###....###...............# #
.###...########...............# #
.# #..........................###
.# #.........#.########.###..[.##
.# #.........#.#......#...#....##
.###.....##..#.#.####.#........##
.............#.#@# #.#........#.
.............#.#h# #.#........#.
...........#.#.#.# #.#........#.
........####.#.#.. #.#..........
...........(.#.######.#..........
.............#........#.#####....
##...........##########.# #....
#......................#####....
#.............####.##.........#.


You could see a black bear (berserk).

Vanquished Creatures
  A water moccasin (D:3)
  An ogre (D:4)
  A necrophage (D:4)
  A jelly (D:4)
  Jessica (D:2)
  An orc wizard (D:3)
  3 gnolls
  6 adders
  A worm (D:2)
  3 dart slugs
  8 orcs
  8 ball pythons
  6 bats
  4 endoplasms
  A giant cockroach (D:1)
  5 hobgoblins
  6 jackals
  5 quokkas
  6 frilled lizards
  9 goblins
  4 kobolds
  10 rats
91 creatures vanquished.

Notes
Turn   | Place    | Note
-------+----------+-------------------------------------------
     0 | D:1      | Leeroy the Vine Stalker Warper began the quest for the Orb.
     0 | D:1      | Reached XP level 1. HP: 11/11 MP: 4/4
    95 | D:1      | Reached skill level 2 in Long Blades
   185 | D:1      | Reached XP level 2. HP: 9/15 MP: 4/6
   318 | D:1      | Reached skill level 3 in Long Blades
   364 | D:1      | Reached XP level 3. HP: 18/18 MP: 7/7
   843 | D:2      | Found a sparkling altar of Nemelex Xobeh.
   846 | D:2      | Noticed Jessica
   851 | D:2      | Killed Jessica
   852 | D:2      | Gained mutation: Your natural rate of healing is unusually
                  | fast. [Vine Stalker growth]
   852 | D:2      | Reached XP level 4. HP: 23/23 MP: 8/8
   882 | D:2      | Reached skill level 4 in Long Blades
   980 | D:2      | Found a faded altar of an unknown god.
  1107 | D:2      | Found Ceoxzish's Distillery.
  1533 | D:2      | Reached XP level 5. HP: 19/26 MP: 4/9
  1727 | D:3      | Reached skill level 5 in Long Blades
  1811 | D:3      | Noticed a water moccasin
  1824 | D:3      | Killed a water moccasin
  1825 | D:3      | Reached XP level 6. HP: 20/30 MP: 6/10
  1879 | D:3      | Identified the +1 short sword of the Blushing Gods {heavy,
                  | rC+++ Int+4 Dex-2}
  1956 | D:3      | Reached skill level 6 in Long Blades
  2546 | D:4      | Reached XP level 7. HP: 10/34 MP: 2/11
  2798 | D:4      | Reached skill level 7 in Long Blades
  2928 | D:4      | HP: 1/34 [black bear (6)]
  2928 | D:4      | Slain by a black bear

Illustrated notes

Levels and vault maps discovered:
D:1:      dpeg_arrival_fog, layout_loops_ring
D:2:      layout_loops_ring, basic_altar, shapermc_ecumenical_altar_ellora,
          serial_shops, shop, uniq_jessica
D:3:      layout_rooms
D:4:      layout_basic, minivault_5

Skill      XL: |  1  2  3  4  5  6  7 |
---------------+----------------------+-----
Long Blades    | 2 3 4 5 6 7 |  7.0
Fighting       | |  1.7
Throwing       | |  0.8
Armour         | |  0.7
Dodging        | |  1.5
Spellcasting   | |  2.1
Translocations | |  3.0

Action                     |  1- 3 |  4- 6 |  7- 9 || total
---------------------------+-------+-------+-------++-------
  Melee: Falchion          |    79 |   134 |       ||   213
         Punch             |     1 |       |       ||     1
         Bite              |    15 |    41 |     4 ||    60
         Short sword       |       |    69 |    15 ||    84
 Armour: Leather armour    |    22 |       |       ||    22
         Plate armour      |    27 |   182 |    24 ||   233
  Dodge: Dodged            |    42 |    50 |     4 ||    96

Table legend: (Time is in decaauts)
 A = Elapsed time spent in this place.
 B = Non-inter-level travel time spent in this place.
 C = Inter-level travel time spent in this place.
 D = Time resting spent in this place.
 E = Time spent auto-exploring this place.
 F = Levels seen in this place.
 G = Mean time per level.
                   A        B        C        D        E       F      G
               +--------+--------+--------+--------+--------+-----+--------+
         Total |   2971 |   2868 |    103 |    141 |   2094 |   4 |  742.8 |
       Dungeon |   2971 |   2868 |    103 |    141 |   2094 |   4 |  742.8 |
               +--------+--------+--------+--------+--------+-----+--------+

Top non-repeatable levels by time:
     D:2: 941 daAuts
     D:1: 796 daAuts
     D:4: 645 daAuts
     D:3: 587 daAuts
